 Dungeon Crawl Stone Soup version 0.30.2 (webtiles) character file.

Game seed: 1992051378360381098

508 Ashen the Chiller (level 7, 0/66 HPs)
             Began as an Ogre Ice Elementalist on Jan 19, 2024.
             Slain by a phantom (4 damage)
             ... on level 4 of the Dungeon.
             The game lasted 00:09:43 (4179 turns).

Ashen the Chiller (Ogre Ice Elementalist)           Turns: 4179, Time: 00:09:44

Health: 0/66       AC:  3    Str: 13    XL:     7   Next: 18%
Magic:  8/14       EV: 10    Int: 18    God:
Gold:   79         SH:  0    Dex:  9    Spells: 8/15 levels left

rFire   . . .        y - +0 mace
rCold   . . .        (no shield)
rNeg    . . .        a - +0 robe
rPois   .            (helmet restricted)
rElec   .            (no cloak)
rCorr   .            (gloves unavailable)
SInv    .            (boots unavailable)
Will    .....        (no amulet)
Stlth   ++           (no ring)
HPRegen 0.31/turn    (no ring)
MPRegen 0.14/turn

%: no passive effects
@: on berserk cooldown, slowed, very slow
A: large, unfitting armour, tough skin 1
a: no special abilities


You were on level 4 of the Dungeon.
You visited 1 branch of the dungeon, and saw 5 of its levels.

You collected 79 gold pieces.

Inventory:

Hand Weapons
 y - a +0 mace (weapon)
Missiles
 g - 4 large rocks (quivered)
Armour
 a - a +0 robe (worn)
Magical Staves
 d - a staff of air
 n - the staff of poison "Ybaik" {rPois MP+9 Dex+3}
   (You found it on level 2 of the Dungeon)

   [staff of poison]

   Base accuracy: +5 Base damage: 5 Base attack delay: 1.2 This weapon's minimum
   attack delay (0.6) is reached at skill level 12.
   Dex:       It affects your dexterity (+3).
   rPois:     It protects you from poison.
   MP:        It affects your magic capacity (+9).
   It falls into the 'Staves' category.
   It is a one-handed weapon.
Jewellery
 c - a +6 ring of intelligence
 h - an amulet of regeneration
 s - a ring of flight
Wands
 t - a wand of iceblast (12)
Scrolls
 e - a scroll of immolation {unknown}
 j - 2 scrolls of noise {unknown}
 k - a scroll of enchant weapon {unknown}
 o - 2 scrolls of teleportation {unknown}
 p - 3 scrolls of poison
 q - a scroll of torment {unknown}
 r - a scroll of fog {unknown}
 v - a scroll of magic mapping
Potions
 b - 3 potions of magic
 f - a potion of flight
 i - a potion of might {unknown}
 m - a potion of attraction
 u - a potion of lignification {unknown}
 x - a potion of degeneration {unknown}


   Skills:
 + Level 2.9 Fighting
 + Level 1.4 Maces & Flails
 + Level 2.9 Dodging
 + Level 2.5 Stealth
 * Level 4.8 Spellcasting
 * Level 5.0 Ice Magic


You had 8 spell levels left.
You knew the following spells:

 Your Spells              Type           Power      Damage    Failure   Level
a - Freeze                Ice            88%        1d9       1%          1
b - Frozen Ramparts       Ice            44%        1d7       4%          3
c - Ozocubu's Armour      Ice            22%        N/A       4%          3

Your spell library contained the following spells:

 Spells                   Type           Power      Damage    Failure   Level
 Sublimation of Blood     Necr           4%         N/A       21%         2
 Wereblood                Tmut           4%         N/A       21%         2
 Summon Guardian Golem    Hex/Summ       4%         N/A       38%         3
 Summon Ice Beast         Ice/Summ       13%        N/A       43%         4
 Metabolic Englaciation   Hex/Ice        6%         N/A       80%         5
 Simulacrum               Ice/Necr       6%         N/A       100%        6
 Orb of Destruction       Conj           2%         9d5       100%        7
 Spellforged Servitor     Conj/Summ      2%         N/A       100%        7
 Summon Hydra             Summ           2%         N/A       100%        7


Dungeon Overview and Level Annotations

Branches:
Dungeon (5/15)
 Temple: D:4-7

Altars:
Ashenzari
Dithmenos
Okawaru
Uskayaw

Annotations:
D:3 Grinder


Innate Abilities, Weirdness & Mutations

You are too large for most types of armour.
You have tough skin. (AC +1)


Message History

The phantom hits you.
* * * LOW HITPOINT WARNING * * *
An orc comes into view. It is wielding a +0 short sword.
The phantom misses you. The phantom completely misses you.
You climb upwards.
There is a stone staircase leading down here.
Aiming: Iceblast
Press: ? - help, Shift-Dir - straight line The mass of ice explodes!
The iceblast engulfs the phantom.
The phantom partially resists.
The phantom is moderately damaged.
The phantom hits you.
* * * LOW HITPOINT WARNING * * *
The phantom blinks!
You blink.
The phantom hits you.
* * * LOW HITPOINT WARNING * * *
Aiming: Iceblast
Press: ? - help, Shift-Dir - straight line
Okay, then.
You barely miss the phantom.
The phantom is moderately damaged.
The phantom hits you.
* * * LOW HITPOINT WARNING * * *
You hit the phantom but do no damage.
The phantom is moderately damaged.
The phantom closely misses you. x2
You hit the phantom.
The phantom is heavily damaged.
The phantom closely misses you. The phantom hits you.
* * * LOW HITPOINT WARNING * * *
The phantom blinks!
You blink.
Aiming: Iceblast
Press: ? - help, Shift-Dir - straight line The mass of ice explodes!
The iceblast engulfs the phantom.
The phantom partially resists.
The phantom is severely damaged.
The phantom hits you.
* * * LOW HITPOINT WARNING * * *
The phantom hits you.
You die...

..#.#.#.# #.........#)########
#####.#.# #.........#)#.......
......#.# #..........)).......
.....##.# #...................
........# #................###
#####..## #................#
...###.#######................#
##.#........##.W.'#####.......#
#.#.##.###.....@..####.......#
#.#.##.........._.......########
#.#.#####............#######....
#.#.....#.....⌠......# #.......
#.#.....#...........#####.......
#.#.....#..._...................
##)#.....#.........##..........[.
...#.....####....#.##............
####.....'....#.>...'............


You could see a phantom.

Vanquished Creatures
  Eustachio (D:4)
  A scorpion (D:5)
  An orc priest (D:5)
  A hound (D:3)
  A jelly (D:4)
  2 iguanas
  Robin (D:4)
  5 adders
  A worm (D:2)
  2 dart slugs
  4 orcs
  8 ball pythons
  3 bats
  10 endoplasms
  3 giant cockroaches
  17 goblins
  9 hobgoblins
  10 jackals
  5 quokkas
  4 frilled lizards
  6 kobolds
  11 rats
106 creatures vanquished.

Notes
Turn   | Place    | Note
-------+----------+-------------------------------------------
     0 | D:1      | Ashen the Ogre Ice Elementalist began the quest for the
                  | Orb.
     0 | D:1      | Reached XP level 1. HP: 16/16 MP: 3/3
    40 | D:1      | Reached XP level 2. HP: 26/26 MP: 1/5
   448 | D:1      | Reached XP level 3. HP: 31/32 MP: 0/7
   668 | D:1      | Learned a level 3 spell: Frozen Ramparts
   672 | D:1      | Learned a level 3 spell: Ozocubu's Armour
   685 | D:1      | Reached skill level 1 in Fighting
   762 | D:1      | Reached skill level 4 in Ice Magic
  1093 | D:2      | Identified the staff of poison "Ybaik" {rPois MP+9 Dex+3}
  1169 | D:2      | Identified the +2 leather armour of Donanax {-Tele rPois
                  | Str+7}
  1246 | D:2      | Found a hide-covered altar of Uskayaw.
  1357 | D:2      | Reached XP level 4. HP: 33/41 MP: 3/8
  2398 | D:3      | Noticed Grinder
  2417 | D:3      | Paralysed by Grinder for 5 turns
  2427 | D:3      | Paralysed by Grinder for 4 turns
  2434 | D:3      | HP: 2/41 [Grinder/nerve-wracking pain (5)]
  2719 | D:3      | Reached XP level 5. HP: 42/48 MP: 4/10
  3128 | D:4      | Noticed Eustachio
  3189 | D:4      | Killed Eustachio
  3190 | D:4      | Reached XP level 6. HP: 41/58 MP: 0/12
  3465 | D:4      | Found a broken altar of Ashenzari.
  3520 | D:4      | Reached skill level 1 in Maces & Flails
  3666 | D:4      | Noticed Robin
  3683 | D:4      | Killed Robin
  3758 | D:4      | Found an iron altar of Okawaru.
  3763 | D:4      | Found a shadowy altar of Dithmenos.
  4143 | D:5      | Entered Level 5 of the Dungeon
  4164 | D:5      | Reached XP level 7. HP: 39/66 MP: 5/14
  4166 | D:5      | Reached skill level 5 in Ice Magic
  4179 | D:4      | Slain by a phantom

Illustrated notes

Levels and vault maps discovered:
D:1:      eino_arrival_water_cross, layout_basic
D:2:      layout_loops_ring, basic_altar, minmay_pentomino_pile
D:3:      layout_loops_cross, uniq_grinder
D:4:      layout_basic, nicolae_ashenzari_skybound, grunt_temple_overflow_open,
          uniq_eustachio, uniq_robin
D:5:      cheibrodos_iron_armory, layout_rooms, uniq_blork_the_orc, uniq_pikel

Skill      XL: |  1  2  3  4  5  6  7 |
---------------+----------------------+-----
Dodging        | 2 |  2.9
Spellcasting   | 3 4 |  4.8
Fighting       | 1 2 |  2.9
Ice Magic      | 4 5 |  5.0
Stealth        | 2 |  2.5
Maces & Flails | 1 |  1.4

Action                     |  1- 3 |  4- 6 |  7- 9 || total
---------------------------+-------+-------+-------++-------
  Melee: Unarmed           |    35 |       |       ||    35
         Whip              |     7 |     1 |       ||     8
         Club              |       |    18 |       ||    18
         Mace              |       |    38 |     9 ||    47
  Throw: Large rock        |     1 |     3 |       ||     4
   Cast: Freeze            |    66 |    69 |       ||   135
         Frozen Ramparts   |       |     5 |       ||     5
         Ozocubu's Armour  |       |     3 |       ||     3
  Evoke: Wand              |       |       |     2 ||     2
    Use: Scroll            |       |     5 |       ||     5
         Potion            |       |     1 |       ||     1
   Stab: Sleeping          |     2 |     5 |       ||     7
 Armour: Robe              |    30 |    58 |     1 ||    89
  Dodge: Dodged            |    50 |    88 |     8 ||   146
